 Dungeon Crawl Stone Soup version 0.30-b1-2-g02819fbbbe (webtiles) character file.

Game seed: 11001167114223590915

11 Arum the Stinger (level 2, 0/19 HPs)
             Began as a Formicid Venom Mage on May 19, 2023.
             Frozen to death by an endoplasm (5 damage)
             ... on level 1 of the Dungeon.
             The game lasted 00:01:57 (515 turns).

Arum the Stinger (Formicid Venom Mage)               Turns: 515, Time: 00:01:58

Health: 0/19       AC:  2    Str: 12    XL:     2   Next: 40%
Magic:  0/5        EV: 12    Int: 14    God:
Gold:   27         SH:  0    Dex: 14    Spells: 5/6 levels left

rFire   . . .        (no weapon)
rCold   . . .        (no shield)
rNeg    . . .        a - +0 robe
rPois   .            (helmet unavailable)
rElec   .            (no cloak)
rCorr   .            (no gloves)
SInv    +            (no boots)
Will    .....        (no amulet)
Stlth   ++           (no ring)
HPRegen 0.23/turn    (no ring)
MPRegen 0.09/turn

%: no passive effects
@: no status effects
A: permanent stasis, dig shafts and tunnels, antennae 3, four strong arms
a: Dig, Shaft Self


You were on level 1 of the Dungeon.
You visited 1 branch of the dungeon, and saw 1 of its levels.

You collected 27 gold pieces.

Inventory:

Missiles
 d - 2 javelins
Armour
 a - a +0 robe (worn)
Scrolls
 c - a scroll of identify {unknown}
Potions
 b - a potion of magic


   Skills:
 - Level 1.7 Dodging
 - Level 2.4 Stealth
 + Level 2.6 Spellcasting
 - Level 1.1 Transmutations
 + Level 4.5 Poison Magic


You had 5 spell levels left.
You knew the following spells:

 Your Spells              Type           Power      Damage    Failure   Level
a - Sting                 Tmut/Pois      36%        1d4       7%          1

Your spell library contained the following spells:

 Spells                   Type           Power      Damage    Failure   Level
 Poisonous Vapours        Pois/Air       16%        N/A       13%         2
 Mephitic Cloud           Conj/Pois/Air  6%         N/A       34%         3
 Olgreb's Toxic Radiance  Pois           14%        N/A       34%         4


Dungeon Overview and Level Annotations

Branches:
Dungeon (1/15)

Altars:


Innate Abilities, Weirdness & Mutations

You cannot be hasted, slowed, berserked, paralysed or teleported.
You can dig through walls and to a lower floor.
You have a pair of large antennae on your head. (SInv)
Your four strong arms can wield two-handed weapons with a shield.


Message History

Magic restored.
A ball python comes into view.
You can't see any susceptible monsters within range! (Use Z to cast anyway.)
The sting hits the endoplasm.
The endoplasm partially resists.
The endoplasm is lightly wounded.
The endoplasm quivers.
The ball python hisses angrily.
The endoplasm freezes you.
You are frozen.
The sting hits the endoplasm.
The endoplasm partially resists.
The endoplasm is moderately wounded.
The endoplasm hits you. The endoplasm attacks as you move away!
The endoplasm completely misses you. The endoplasm attacks as you move away!
The endoplasm closely misses you.
The sting misses the endoplasm.
The endoplasm freezes you.
You are frozen.
You are too injured to fight recklessly!
You are too injured to fight recklessly!
Casting: Sting (safe; 7% risk of failure)
Confirm with . or Enter, or press ? or * to list all spells.
Aiming: Sting (safe; 7% risk of failure)
Press: ? - help, Shift-Dir - straight line, f/p - endoplasm
Aim: an endoplasm (moderately wounded, 97% to hit)
The sting hits the endoplasm but does no damage.
The endoplasm is poisoned.
The endoplasm is moderately wounded.
The endoplasm freezes you.
You are frozen.
* * * LOW HITPOINT WARNING * * *
Casting: Sting (safe; 7% risk of failure)
Confirm with . or Enter, or press ? or * to list all spells.
Aiming: Sting (safe; 7% risk of failure)
Press: ? - help, Shift-Dir - straight line, f/p - endoplasm
Aim: an endoplasm (moderately wounded, poisoned, 97% to hit)
The sting hits the endoplasm.
The endoplasm partially resists.
The endoplasm is heavily wounded.
The endoplasm freezes you.
You are frozen.
You die...

#.# #.# #.# ##.########
#.......... # #..######## #.
#..# #.
###########..######## #..
#.SJ@.........##.....
##(..###.######..........###
.......#.#### #.##...##..###
..)...SS....# #.##..........
......†####.# #.##.#.###.###
....... # #.##.#.# #....
##...## #.##>#.###.##. #..#
#.##.......... #..
##.#.###.#..###.


You could see an endoplasm (poisoned) and a ball python.

Vanquished Creatures
  2 endoplasms (D:1)
  2 giant cockroaches (D:1)
  2 hobgoblins (D:1)
  A bat (D:1)
  4 rats (D:1)
11 creatures vanquished.

Notes
Turn   | Place    | Note
-------+----------+-------------------------------------------
     0 | D:1      | Arum the Formicid Venom Mage began the quest for the Orb.
     0 | D:1      | Reached XP level 1. HP: 13/13 MP: 3/3
   275 | D:1      | Reached XP level 2. HP: 16/19 MP: 0/5
   515 | D:1      | Frozen to death by an endoplasm

Illustrated notes

Levels and vault maps discovered:
D:1:      saegor_arrival_fortress, layout_loops_ring,
          chequers_serial_rivers_micro_e

Action                     || total
---------------------------++-------
  Melee: Unarmed           ||     5
   Cast: Sting             ||    24
 Armour: Robe              ||     2
  Dodge: Dodged            ||    13
